BSA
GREENVILLE 84S @ SEATTLE PIKES
03/17/2029
 
TOP OF THE 1ST
Greenville 84s batting - Pitching for Seattle Pikes : RHP Roberto Matoza
Pitching: RHP Roberto Matoza
Batting: RHB Carlos Torres 0-0: Foul Ball, location: 2F
0-1: Bunt missed!
0-2: Ball
1-2: Ball
2-2: Ground out 5-3 (Groundball, 56S)
Batting: LHB Paco Rosas 0-0: Ball
1-0: Ball
2-0: Ball
3-0: Called Strike
3-1: Called Strike
3-2: Base on Balls
Batting: RHB Enzo Díaz 0-0: Ball
1-0: Called Strike
1-1: Foul Ball, location: 2F
1-2: Ball
2-2: Ball
3-2: Ground out 3-1 (Groundball, 34S)
Paco Rosas to second
Batting: LHB Juan Cortés 0-0: Swinging Strike
0-1: Ball
1-1: Swinging Strike
1-2: Ball
2-2: Foul Ball, location: 2F
2-2: Foul Ball, location: 2F
2-2: Ball
3-2: Foul Ball, location: 2F
3-2: Fly out, F9 (Flyball, 9D)
Top of the 1st over - 0 runs, 0 hits, 0 errors, 1 left on base; Greenville 0 - Seattle 0
BOTTOM OF THE 1ST
Seattle Pikes batting - Pitching for Greenville 84s : LHP Sam Kettley
Pitching: LHP Sam Kettley
Batting: RHB Matt O'Rourke 0-0: Called Strike
0-1: Ball
1-1: Ball
2-1: Ball
3-1: Base on Balls
Batting: RHB Wallace Greene 0-0: Ball
1-0: Ball
2-0: Called Strike
2-1: SINGLE (Groundball, 6MD)
Matt O'Rourke to second
Batting: LHB Richard Hunter 0-0: Called Strike
Matt O'Rourke steals 3rd base
Wallace Greene to second
0-1: Ground out 4-3 (Groundball, 4)
Matt O'Rourke scores
Wallace Greene to third
Batting: RHB Sergio Mora 0-0: Foul Ball, location: 2F
0-1: Hit by Pitch
Batting: LHB Francisco Ríos 0-0: Foul Ball, location: 2F
0-1: Foul Ball, location: 2F
0-2: Ball
1-2: Foul Ball, location: 2F
1-2: Foul Ball, location: 2F
1-2: Ball
2-2: Foul Ball, location: 2F
2-2: Foul Ball, location: 2F
2-2: Strikes out swinging
Batting: SHB Nate Rhodes 0-0: Called Strike
0-1: Foul Ball, location: 2F
0-2: Foul Ball, location: 2F
0-2: Ball
1-2: Ball
2-2: Ball
3-2: Strikes out swinging
Bottom of the 1st over - 1 run, 1 hit, 0 errors, 2 left on base; Greenville 0 - Seattle 1
TOP OF THE 2ND
Greenville 84s batting - Pitching for Seattle Pikes : RHP Roberto Matoza
Batting: LHB Brock Larsen 0-0: Foul Ball, location: 2F
0-1: Fly out, F6 (Flyball, 6MD)
Batting: LHB Jimmy Vickers 0-0: Called Strike
0-1: Foul Ball, location: 2F
0-2: Ball
1-2: Ball
2-2: Foul Ball, location: 2F
2-2: Ground out 6-3 (Groundball, 6)
Batting: RHB Pat Fernández 0-0: Called Strike
0-1: Called Strike
0-2: Ball
1-2: Ball
2-2: Ball
3-2: Base on Balls
Batting: RHB Casey Fox 0-0: Called Strike
0-1: Ball
1-1: Fly out, F7 (Line Drive, 7)
Top of the 2nd over - 0 runs, 0 hits, 0 errors, 1 left on base; Greenville 0 - Seattle 1
BOTTOM OF THE 2ND
Seattle Pikes batting - Pitching for Greenville 84s : LHP Sam Kettley
Batting: RHB Iván Gonzáles 0-0: Ball
1-0: Called Strike
1-1: Ball
2-1: Fly out, F9 (Flyball, 89M)
Batting: SHB António Hernández 0-0: Called Strike
0-1: Ball
1-1: Ground out 5-3 (Groundball, 56S)
Batting: SHB Richard Bowman 0-0: Called Strike
0-1: Called Strike
0-2: Foul Ball, location: 2F
0-2: Ball
1-2: Foul Ball, location: 2F
1-2: Strikes out swinging
Bottom of the 2nd over - 0 runs, 0 hits, 0 errors, 0 left on base; Greenville 0 - Seattle 1
TOP OF THE 3RD
Greenville 84s batting - Pitching for Seattle Pikes : RHP Roberto Matoza
Batting: RHB Robert Buckley 0-0: Ball
1-0: SINGLE (Flyball, 78M)
Batting: RHB Carlos Torres 0-0: Ball
1-0: Grounds into double play, 5-4-3 (Groundball, 5L)
Batting: LHB Paco Rosas 0-0: Called Strike
0-1: Swinging Strike
0-2: Ball
1-2: Ball
2-2: Ball
3-2: Fly out, F8 (Flyball, 8LD)
Top of the 3rd over - 0 runs, 1 hit, 0 errors, 0 left on base; Greenville 0 - Seattle 1
BOTTOM OF THE 3RD
Seattle Pikes batting - Pitching for Greenville 84s : LHP Sam Kettley
Batting: RHB Matt O'Rourke 0-0: Fly out, F7 (Flyball, 7)
Batting: RHB Wallace Greene 0-0: Ground out 6-3 (Groundball, 6MS)
Batting: LHB Richard Hunter 0-0: Ground out 6-3 (Groundball, 6M)
Bottom of the 3rd over - 0 runs, 0 hits, 0 errors, 0 left on base; Greenville 0 - Seattle 1
TOP OF THE 4TH
Greenville 84s batting - Pitching for Seattle Pikes : RHP Roberto Matoza
Batting: RHB Enzo Díaz 0-0: SINGLE (Flyball, 7S)
Batting: LHB Juan Cortés 0-0: Called Strike
0-1: Ball
1-1: Ball
2-1: Foul Ball, location: 2F
2-2: Foul Ball, location: 2F
2-2: Ball
3-2: Foul Ball, location: 2F
3-2: Strikes out swinging
Batting: LHB Brock Larsen 0-0: Ball
1-0: Ball
Enzo Díaz steals 2nd base
2-0: Ground out 5-3 (Groundball, 5)
Batting: LHB Jimmy Vickers 0-0: Ball
1-0: SINGLE (Line Drive, 6MD)
Enzo Díaz to third
Runner from 3rd tries for Home, SAFE, throw made home
Batting: RHB Pat Fernández 0-0: Called Strike
0-1: Called Strike
0-2: Ball
1-2: Strikes out swinging
Top of the 4th over - 1 run, 2 hits, 0 errors, 1 left on base; Greenville 1 - Seattle 1
BOTTOM OF THE 4TH
Seattle Pikes batting - Pitching for Greenville 84s : LHP Sam Kettley
Now at 2B: Ramiro Chávez
Batting: RHB Sergio Mora 0-0: Called Strike
0-1: Ball
1-1: Ball
2-1: Swinging Strike
2-2: Strikes out swinging
Batting: LHB Francisco Ríos 0-0: Ground out 4-3 (Groundball, 4)
Batting: SHB Nate Rhodes 0-0: Ball
1-0: Called Strike
1-1: Fly out, F8 (Flyball, 8RS)
Bottom of the 4th over - 0 runs, 0 hits, 0 errors, 0 left on base; Greenville 1 - Seattle 1
TOP OF THE 5TH
Greenville 84s batting - Pitching for Seattle Pikes : RHP Roberto Matoza
Pitching: RHP Gil Dickson
Batting: RHB Casey Fox 0-0: Ball
1-0: Ground out U3 (Groundball, 34S)
Batting: RHB Robert Buckley 0-0: Called Strike
0-1: Foul Ball, location: 2F
0-2: Foul Ball, location: 2F
0-2: Strikes out looking
Batting: RHB Carlos Torres 0-0: Called Strike
0-1: Ball
1-1: Foul Ball, location: 2F
1-2: Ball
2-2: Ground out 4-3 (Groundball, 34)
Top of the 5th over - 0 runs, 0 hits, 0 errors, 0 left on base; Greenville 1 - Seattle 1
BOTTOM OF THE 5TH
Seattle Pikes batting - Pitching for Greenville 84s : LHP Sam Kettley
Pitching: RHP David Bishop
Batting: RHB Iván Gonzáles 0-0: Called Strike
0-1: Called Strike
0-2: Ball
1-2: Fly out, F3 (Popup, 3)
Batting: SHB António Hernández 0-0: Ball
1-0: SINGLE (Groundball, 4D)
Batting: SHB Richard Bowman 0-0: Ball
1-0: Ground out 5-3 (Groundball, 56)
António Hernández to second
Batting: RHB Matt O'Rourke 0-0: Ball
1-0: Ground out 5-3 (Groundball, 56S)
Bottom of the 5th over - 0 runs, 1 hit, 0 errors, 1 left on base; Greenville 1 - Seattle 1
TOP OF THE 6TH
Greenville 84s batting - Pitching for Seattle Pikes : RHP Gil Dickson
Batting: LHB Paco Rosas 0-0: Ball
1-0: Ball
2-0: Swinging Strike
2-1: Swinging Strike
2-2: Foul Ball, location: 2F
2-2: Ground out 4-3 (Groundball, 4M)
Batting: RHB Ramiro Chávez 0-0: Ball
1-0: SINGLE (Line Drive, 34D)
Batting: LHB Juan Cortés 0-0: Ball
1-0: Swinging Strike
1-1: Ground out 4-3 (Groundball, 34)
Ramiro Chávez to second
Batting: LHB Brock Larsen 0-0: Ball
1-0: Fly out, F7 (Flyball, 78M)
Top of the 6th over - 0 runs, 1 hit, 0 errors, 1 left on base; Greenville 1 - Seattle 1
BOTTOM OF THE 6TH
Seattle Pikes batting - Pitching for Greenville 84s : RHP David Bishop
Batting: RHB Wallace Greene 0-0: Ball
1-0: Ground out 6-3 (Groundball, 6M)
Batting: LHB Richard Hunter 0-0: SINGLE (Line Drive, 8LS)
Batting: RHB Sergio Mora 0-0: Called Strike
0-1: Foul Ball, location: 2F
0-2: Foul Ball, location: 2F
0-2: Ball
1-2: Ball
2-2: Foul Ball, location: 2F
2-2: Ball
3-2: Foul Ball, location: 2F
3-2: Grounds into double play, 6-4-3 (Groundball, 6)
Bottom of the 6th over - 0 runs, 1 hit, 0 errors, 0 left on base; Greenville 1 - Seattle 1
TOP OF THE 7TH
Greenville 84s batting - Pitching for Seattle Pikes : RHP Gil Dickson
Pitching: LHP Manny Sandoval
Batting: LHB Jimmy Vickers 0-0: Ball
1-0: Foul Ball, location: 2F
1-1: Called Strike
1-2: Ball
2-2: Foul Ball, location: 2F
2-2: Fly out, F6 (Popup, 56D)
Pitching: RHP Sixto García
Batting: RHB Pat Fernández 0-0: Called Strike
0-1: Called Strike
0-2: Ball
1-2: Strikes out looking
Batting: RHB Casey Fox 0-0: Ball
1-0: Called Strike
1-1: Ball
2-1: Foul Ball, location: 2F
2-2: Foul Ball, location: 2F
2-2: SINGLE (Groundball, 56D)
Pinch Hitting: LHB Robert Moore 0-0: Called Strike
0-1: Ball
1-1: Swinging Strike
1-2: Strikes out swinging
Top of the 7th over - 0 runs, 1 hit, 0 errors, 1 left on base; Greenville 1 - Seattle 1
BOTTOM OF THE 7TH
Seattle Pikes batting - Pitching for Greenville 84s : RHP David Bishop
Now at 3B: Cristo García
Pinch Hitting: RHB Manuel Rico 0-0: Called Strike
0-1: Ground out 6-3 (Groundball, 6)
Batting: SHB Nate Rhodes 0-0: Called Strike
0-1: Ball
1-1: Ball
2-1: Ball
3-1: TRIPLE (Line Drive, 89XD)
Batting: RHB Iván Gonzáles 0-0: SINGLE (Groundball, 4MD)
Nate Rhodes scores
Pinch Runner at 1st Bob Coztana:
Batting: SHB António Hernández 0-0: Ball
Bob Coztana is caught stealing 2nd base
1-0: Ball
2-0: Ball
3-0: Called Strike
3-1: Base on Balls
Pinch Hitting: LHB Roberto Lozano 0-0: Fly out, F7 (Line Drive, 78D)
Bottom of the 7th over - 1 run, 2 hits, 0 errors, 1 left on base; Greenville 1 - Seattle 2
TOP OF THE 8TH
Greenville 84s batting - Pitching for Seattle Pikes : RHP Sixto García
Now at 2B: Bob Coztana
Now at 3B: Nick Vogel
Now in CF: Roberto Lozano
Batting: RHB Carlos Torres 0-0: Ball
1-0: Called Strike
1-1: SINGLE (Line Drive, 4M)
Batting: LHB Paco Rosas 0-0: Ball
1-0: Foul Ball, location: 2F
1-1: Ground out U3 (Groundball, 3)
Carlos Torres to second
Batting: RHB Ramiro Chávez 0-0: Foul Ball, location: 2F
0-1: Ball
1-1: Ball
2-1: Foul Ball, location: 2F
2-2: Foul Ball, location: 2F
2-2: Foul Ball, location: 2F
2-2: Fly out, F7 (Flyball, 7LD)
Pinch Hitting: LHB José Costa 0-0: Foul Ball, location: 2F
0-1: Ball
1-1: Ball
2-1: Foul Ball, location: 2F
2-2: Ball
3-2: Base on Balls
Batting: LHB Brock Larsen 0-0: Ball
1-0: Called Strike
1-1: Called Strike
1-2: Ball
2-2: SINGLE (Line Drive, 7S)
Carlos Torres to third
José Costa to second
Runner from 3rd tries for Home, throw and OUT!
Top of the 8th over - 0 runs, 2 hits, 0 errors, 2 left on base; Greenville 1 - Seattle 2
BOTTOM OF THE 8TH
Seattle Pikes batting - Pitching for Greenville 84s : RHP David Bishop
Now in LF: José Costa
Pinch Hitting: RHB Murai Ishihara 0-0: Ball
1-0: Ball
2-0: Ball
3-0: Fly out, F9 (Line Drive, 9S)
Batting: RHB Wallace Greene 0-0: Called Strike
0-1: Foul Ball, location: 2F
0-2: Ball
1-2: Ball
2-2: Ground out 5-3 (Groundball, 56S)
Pinch Hitting: RHB Robinson Pacheco 0-0: Called Strike
0-1: SINGLE (Groundball, 6MD)
Pinch Runner at 1st Adrián Barrera:
Pinch Hitting: RHB Randy Sheppard 0-0: Ball
1-0: SINGLE (Groundball, 56D)
Adrián Barrera to second
Pinch Hitting: RHB Pete Rideout 0-0: Called Strike
0-1: Foul Ball, location: 2F
0-2: Ball
1-2: Strikes out swinging
Bottom of the 8th over - 0 runs, 2 hits, 0 errors, 2 left on base; Greenville 1 - Seattle 2
TOP OF THE 9TH
Greenville 84s batting - Pitching for Seattle Pikes : RHP Sixto García
Pitching: LHP Cristián Escobar
Now at C: Javier Martínez
Now at 3B: Murai Ishihara
Now at SS: Adrián Barrera
Now in LF: Randy Sheppard
Now in RF: Francisco García
Batting: LHB Jimmy Vickers 0-0: Ground out 6-3 (Groundball, 56)
Batting: RHB Jesús Tisnado 0-0: Ball
1-0: Called Strike
1-1: Called Strike
1-2: Ball
2-2: Ball
3-2: Base on Balls
Pinch Runner at 1st Elvin Summers:
Pinch Hitting: RHB Patrick Potts 0-0: SINGLE (Flyball, 89M)
Elvin Summers to second
Runner from 2nd tries for 3rd, SAFE, no throw
Batting: RHB Cristo García 0-0: Ball
1-0: Ball
2-0: Called Strike
2-1: Foul Ball, location: 2F
2-2: Ball
3-2: Fly out, F7 (Line Drive, 7D)
Runner from 3rd tags up, SCORES, no throw
Batting: RHB Carlos Torres 0-0: Ball
1-0: Called Strike
1-1: Ball
2-1: DOUBLE (Groundball, 5L)
Patrick Potts to third
Runner from 3rd tries for Home, SAFE, no throw
Batting: LHB Paco Rosas 0-0: Foul Ball, location: 2F
0-1: Called Strike
0-2: SINGLE (Flyball, 5D)
Carlos Torres to third
Runner from 3rd tries for Home, throw and OUT!
Top of the 9th over - 2 runs, 3 hits, 0 errors, 1 left on base; Greenville 3 - Seattle 2
BOTTOM OF THE 9TH
Seattle Pikes batting - Pitching for Greenville 84s : RHP David Bishop
Pitching: LHP Francisco Ríos
Now at C: Roberto Rivera
Batting: RHB Arnold Harmon 0-0: Foul Ball, location: 2F
0-1: Ground out 6-3 (Groundball, 6MS)
Pinch Hitting: RHB Robert Johnson 0-0: Ball
1-0: Ball
2-0: Ground out 5-3 (Groundball, 5L)
Pinch Hitting: RHB Ray Ervin 0-0: Called Strike
0-1: Ball
1-1: Called Strike
1-2: Strikes out looking
Bottom of the 9th over - 0 runs, 0 hits, 0 errors, 0 left on base; Greenville 3 - Seattle 2
Saturday, December 16th, 2017 - OOTP Baseball 18.8 Build 76